 Dungeon Crawl Stone Soup version 0.30-a0-691-g754fce4c43 (webtiles) character file.

Game seed: 8161296240554135980

44 funkygono the Firebug (level 3, 0/24 HPs)
             Began as a Demonspawn Fire Elementalist on Jan 19, 2023.
             Slain by an orc wizard
             ... wielding a +0 dagger
              (2 damage)
             ... on level 4 of the Dungeon.
             The game lasted 00:02:03 (1336 turns).

funkygono the Firebug (DsFE)                        Turns: 1336, Time: 00:02:03

Health: 0/24       AC:  3    Str:  8    XL:     3   Next: 41%
Magic:  6/6        EV: 12    Int: 18    God:
Gold:   65         SH:  0    Dex: 13    Spells: 1/7 levels left

rFire   . . .      SeeInvis .    h - +3 dagger (vamp)
rCold   . . .      Faith    .    (no shield)
rNeg    . . .      Spirit   .    a - +0 robe
rPois   .          Reflect  .    l - +0 helmet
rElec   .          Harm     .    (no cloak)
rCorr   .          Rampage  .    (no gloves)
Will    .....                    (no boots)
Stlth   ++                       (no amulet)
HPRegen 0.24/turn                (no ring)
MPRegen 0.10/turn                (no ring)

@: mighty
A: powered by death 1, powered by pain 1
a: no special abilities


You were on level 4 of the Dungeon.
You visited 1 branch of the dungeon, and saw 3 of its levels.

You collected 65 gold pieces.

Inventory:

Hand Weapons
 g - a +0 dagger
 h - a +3 vampiric dagger (weapon)
 j - a +1 short sword of electrocution
Armour
 a - a +0 robe (worn)
 l - a +0 helmet (worn)
Scrolls
 c - 2 scrolls of identify {unknown}
 d - a scroll of acquirement {unknown}
 k - 3 scrolls of vulnerability {unknown}
Potions
 e - a potion of invisibility {unknown}
 f - a potion of berserk rage {unknown}
 i - 2 potions of lignification {unknown}
 m - a potion of curing {unknown}


   Skills:
 + Level 2.0 Dodging
 - Level 1.7 Stealth
 + Level 2.5 Spellcasting
 + Level 1.2 Conjurations
 + Level 3.5 Fire Magic


You had one spell level left.
You knew the following spells:

 Your Spells              Type           Power      Damage    Failure   Level
a - Foxfire               Conj/Fire      40%        2x1d6     6%          1
b - Scorch                Fire           28%        2d6       6%          2
c - Kindle Blastsparks    Fire/Tloc/Air  12%        2d11      32%         3

Your spell library contained the following spells:

 Spells                   Type           Power      Damage    Failure   Level
 Inner Flame              Hex/Fire       8%         N/A       26%         3
 Flame Wave               Conj/Fire      10%        2d6       54%         4


Dungeon Overview and Level Annotations

Branches:
Dungeon (2/15)

Altars:
Ru
Trog


Innate Abilities, Weirdness & Mutations

You regenerate a little health from kills.
You sometimes gain a little power by taking damage.


Message History

You're too confused to cast spells.
Sorry, you're not good enough to have a special ability.
You're too confused to cast spells.
Sorry, you're not good enough to have a special ability.
You barely miss the orc wizard.
The orc wizard gestures at you while chanting.
The magic dart hits you.
You bump into the stone wall.
The orc wizard closely misses you.
The orc priest mumbles some strange prayers to Beogh against you.
Beogh smites you!
You focus on the pain.
You feel very mighty all of a sudden.
You bump into the stone wall.
You feel less confused.
The orc priest looks braver for a moment.
The orc wizard casts a spell at you.
You are confused.
The orc wizard hits you but does no damage.
You're too confused to cast spells.
Sorry, you're not good enough to have a special ability.
You bump into the stone wall.
The orc wizard gestures at you while chanting.
The magic dart hits you.
* * * LOW HITPOINT WARNING * * *
The orc priest invokes the aid of Beogh against you.
You barely resist.
You're too confused to cast spells.
Sorry, you're not good enough to have a special ability.
You're too confused to cast spells.
The orc wizard gestures at you while chanting.
The magic dart hits you.
* * * LOW HITPOINT WARNING * * *
The orc priest barely misses you. The orc attacks as you move away!
The orc hits you with a +0 dagger.
* * * LOW HITPOINT WARNING * * *
You feel less confused.
The orc priest mumbles some strange prayers to Beogh against you.
Pain shoots through your body!
* * * LOW HITPOINT WARNING * * *
The orc wizard hits you with a +0 dagger.
You die...

♣...♣ ♣._.♣
♣...♣ o..
#'###
#.####.#.#
#......o.#
########.#
######### #.#
#.o@....#
#)####.o.###.#
#......o.#.#.#
######...###.#
#.......#
#########


You could see an orc priest, an orc wizard and an orc.

Vanquished Creatures
  2 adders (D:2)
  A worm (D:2)
  An orc (D:4)
  5 ball pythons
  A goblin (D:1)
  A hobgoblin (D:1)
  2 kobolds (D:1)
  4 bats
  3 frilled lizards
  5 rats
25 creatures vanquished.

Vanquished Creatures (others)
  A wizard (D:4)
  66 foxfires
67 creatures vanquished.

Grand Total: 92 creatures vanquished

Notes
Turn   | Place    | Note
-------+----------+-------------------------------------------
     0 | D:1      | funkygono the Demonspawn Fire Elementalist began the quest
                  | for the Orb.
     0 | D:1      | Reached XP level 1. HP: 13/13 MP: 3/3
   315 | D:1      | Reached skill level 3 in Fire Magic
   349 | D:1      | Gained mutation: You sometimes gain a little power by
                  | taking damage. [demonic ancestry]
   349 | D:1      | Reached XP level 2. HP: 19/19 MP: 3/5
   352 | D:1      | Learned a level 2 spell: Scorch
  1087 | D:2      | Gained mutation: You regenerate a little health from kills.
                  | [demonic ancestry]
  1087 | D:2      | Reached XP level 3. HP: 24/24 MP: 0/6
  1091 | D:2      | Learned a level 3 spell: Kindle Blastsparks
  1276 | D:2      | You fall into a shaft and drop 2 floors!
  1282 | D:4      | Found a bloodstained altar of Trog.
  1286 | D:4      | Noticed a wizard
  1291 | D:4      | Killed a wizard
  1310 | D:4      | Found a sacrificial altar of Ru.
  1336 | D:4      | Slain by an orc wizard

Illustrated notes

Levels and vault maps discovered:
D:1:      shiori_shiawase, layout_basic
D:2:      layout_rooms, hangedman_decor_lopped, minmay_misc_feat_rows,
          uniq_robin, uniq_natasha
D:4:      layout_loops_ring, trog_wizard, mainiacjoe_overflow_six_doors_small,
          gammafunk_temple_overflow_pools, gammafunk_ghost_gnarly_gnolls,
          uniq_pikel

Skill      XL: |  1  2 |
---------------+-------+-----
Fire Magic     | 3 |  3.5
Dodging        | 2 |  2.0
Stealth        | |  1.7
Spellcasting   | |  2.5
Conjurations   | |  1.2

Action                   || total
-------------------------++-------
Melee: Dagger            ||     1
 Cast: Foxfire           ||    40
       Scorch            ||     4
  Use: Potion            ||     1
Armor: Robe              ||     4
Dodge: Dodged            ||     8

Table legend: (Time is in decaauts)
 A = Elapsed time spent in this place.
 B = Non-inter-level travel time spent in this place.
 C = Inter-level travel time spent in this place.
 D = Time resting spent in this place.
 E = Time spent auto-exploring this place.
 F = Levels seen in this place.
 G = Mean time per level.
                   A        B        C        D        E       F      G
               +--------+--------+--------+--------+--------+-----+--------+
         Total |   1334 |   1317 |     17 |     54 |   1040 |   3 |  444.7 |
       Dungeon |   1334 |   1317 |     17 |     54 |   1040 |   3 |  444.7 |
               +--------+--------+--------+--------+--------+-----+--------+

Top non-repeatable levels by time:
     D:1: 973 daAuts
     D:2: 301 daAuts
     D:4: 59 daAuts
